 Dungeon Crawl Stone Soup version 0.31.0-11-ge490571c62 (webtiles) character file.

Game seed: 5547236843125455425

397 qw the Shooter (level 6, -3/30 HPs)
             Began as a Spriggan Hunter on Feb 3, 2024.
             Killed by divine providence
             ... invoked by an orc priest
              (15 damage)
             ... on level 4 of the Dungeon.
             The game lasted 00:00:13 (2955 turns).

qw the Shooter (Spriggan Hunter)                    Turns: 2955, Time: 00:00:14

Health: -3/30      AC:  2    Str:  7    XL:     6   Next: 53%
Magic:  7/7        EV: 21    Int: 10    God:
Gold:   183        SH:  0    Dex: 21    Spells: 5/5 levels left

rFire   . . .        a - +0 shortbow (chaos)
rCold   . . .        (shield currently unavailable)
rNeg    . . .        c - +0 robe
rPois   .            (helmet restricted)
rElec   .            (no cloak)
rCorr   .            (gloves unavailable)
SInv    +            (boots unavailable)
Will    +....        (no amulet)
Stlth   ++           (no ring)
HPRegen 0.25/turn    (no ring)
MPRegen 0.10/turn

%: no passive effects
@: hasted, very quick
A: very small, no large weapons, unfitting armour, see invisible, speed 3
a: no special abilities


You were on level 4 of the Dungeon.
You visited 2 branches of the dungeon, and saw 5 of its levels.

You collected 183 gold pieces.


Innate Abilities, Weirdness & Mutations

You are very small and have problems with some larger weapons.
You are too small for most types of armour.
You have supernaturally acute eyesight. (SInv)
You cover ground extremely quickly. (Speed+++)


   Skills:
 - Level 2.0 Fighting
 + Level 6.5 Ranged Weapons
 - Level 6.0 Dodging
 - Level 1.5 Stealth


You had 5 spell levels left.
You didn't know any spells.
Your spell library was empty.

Inventory:

Hand Weapons
 a - a +0 shortbow of chaos (weapon)
Armour
 c - a +0 robe (worn)
Scrolls
 d - a scroll of identify
 e - 3 scrolls of teleportation
Potions
 f - 5 potions of heal wounds

Dungeon Overview and Level Annotations

Branches:
Dungeon (4/15)             Temple (1/1) D:4

Altars:
Fedhas
Hepliaklqana
Kikubaaqudgha
Makhleb
Nemelex Xobeh
Qazlal
Ru
Vehumet
Wu Jian
Xom
Zin
The Shining One

Annotations:
D:3 2 transporters


Message History

You hear a shout!
A quokka comes into view.
An orc comes into view. It is wielding a +0 hand axe.
An orc wizard comes into view. It is wielding a +4 dagger.
You shoot an arrow. The orc shouts!
The arrow hits the orc wizard!
The orc wizard becomes as fragile as glass!
The orc wizard is heavily wounded.
A hound comes into view.
You shoot an arrow. The arrow hits the orc.
Lightning courses through the orc!
You kill the orc!
The orc wizard casts a spell at you. The magic dart hits you!
You shoot an arrow. The arrow hits the orc!
You kill the orc!
You shoot an arrow. The arrow hits the quokka.
Lightning courses through the quokka!!
You kill the quokka!
You shoot an arrow. The arrow closely misses the hound.
The arrow misses the orc wizard.
The orc priest shouts!
The orc priest invokes the aid of Beogh against you.
Beogh smites you!
You shoot an arrow. The arrow hits the hound!
The hound is severely wounded.
The hound bites you. The hound completely misses you.
You shoot an arrow. The arrow closely misses the hound.
The arrow hits the orc wizard!
The arrow burns the orc wizard.
You kill the orc wizard!
The hound bites you. The hound bites you but does no damage.
You shoot an arrow. The arrow hits the hound.
The hound seems to grow stronger.
The hound is almost dead.
The hound barely misses you.
2955 ||| DRINKING potion of haste.
You feel yourself speed up. The hound completely misses you.
The orc priest mumbles some strange prayers to Beogh against you.
Beogh smites you!
Ouch! That really hurt!
You die...

#(........#
##.##.##.##
#.........
#........#
#.###.##.# ##
#.# .# # ..
##.## . ..
#####...####..#
#.
........@ho.).).
##
#####.....###>.#
. #.#.#.# .#
#.#.... #.#.....
..##..... #
#.#..) .#####


You could see a hound (strong) and an orc priest (very drained).

Vanquished Creatures
  An ogre (D:4)
  A ballistomycete (D:4)
  A hound (D:4)
  2 orc wizards (D:4)
  3 gnolls (D:3)
  6 adders
  3 ribbon worms (D:2)
  8 orcs
  5 bats
  6 endoplasms
  4 giant cockroaches
  11 goblins
  7 hobgoblins
  16 jackals
  3 quokkas
  A ball python (D:1)
  2 frilled lizards
  6 kobolds
  8 rats
94 creatures vanquished.

Vanquished Creatures (others)
  A ballistomycete spore (D:4)
1 creature vanquished.

Grand Total: 95 creatures vanquished

Notes
Turn   | Place    | Note
-------+----------+-------------------------------------------
     0 | D:1      | qw the Spriggan Hunter began the quest for the Orb.
     0 | D:1      | Reached XP level 1. HP: 10/10 MP: 2/2
     0 | D:1      | 0 ||| qw: Version: 0.3-a-158-g18b3111
     0 | D:1      | 0 ||| qw: Game counter: 4052
     0 | D:1      | 0 ||| qw: Melee chars always use a shield: true
     0 | D:1      | 0 ||| qw: God list: Okawaru
     0 | D:1      | 0 ||| qw: Allow faded altars: false
     0 | D:1      | 0 ||| qw: Do Orc after clearing Dungeon:15 true
     0 | D:1      | 0 ||| qw: Do second Lair branch before Depths: true
     0 | D:1      | 0 ||| qw: Lair rune preference: random
     0 | D:1      | 0 ||| qw: Goals: Normal
     0 | D:1      | 0 ||| PLANNING D:1-11
    31 | D:1      | Reached skill level 3 in Dodging
    39 | D:1      | Reached XP level 2. HP: 14/14 MP: 3/3
   298 | D:1      | Reached XP level 3. HP: 18/18 MP: 4/4
   681 | D:1      | 681 ||| READING scroll labelled HIZXOUFOYQ.
   682 | D:1      | 682 ||| READING 2 scrolls labelled EGOFOL NOGAPT.
   686 | D:1      | 686 ||| READING scroll labelled BYSAUM KAUQAY.
   686 | D:1      | 686 ||| BRANDING +0 shortbow.
   687 | D:1      | 687 ||| DRINKING 2 sapphire potions.
   688 | D:1      | 688 ||| DROPPING scroll of butterflies.
   870 | D:2      | Found a radiant altar of Vehumet.
   894 | D:2      | Found a faded altar of an unknown god.
   917 | D:2      | Reached XP level 4. HP: 22/22 MP: 5/5
  1216 | D:2      | 1216 ||| READING scroll labelled JYASTR TOSUUX.
  1216 | D:2      | 1216 ||| IDENTIFYING metallic red potion
  1217 | D:2      | 1217 ||| DRINKING 2 lumpy green potions.
  1218 | D:2      | 1218 ||| DROPPING potion of brilliance.
  1250 | D:2      | 1250 ||| READING scroll labelled ONIPPEYSCHOJI.
  1484 | D:2      | 1484 ||| READING scroll labelled JAILYE UCAD BOL.
  1485 | D:2      | 1485 ||| READING scroll labelled AXINAR PULATH.
  1616 | D:3      | Found a shimmering altar of Xom.
  1739 | D:3      | Noticed a kobold demonologist
  1756 | D:3      | Found a transporter.
  1833 | D:3      | Found a transporter.
  2040 | D:3      | Reached XP level 5. HP: 26/26 MP: 6/6
  2381 | D:3      | 2381 ||| READING scroll labelled RIUMMA JO LUA.
  2462 | D:4      | Reached skill level 6 in Ranged Weapons
  2581 | D:4      | Noticed an ogre
  2582 | D:4      | 2582 ||| DRINKING 2 potions of haste.
  2593 | D:4      | 2593 ||| FLEEEEING.
  2594 | D:4      | 2594 ||| FLEEEEING.
  2595 | D:4      | 2595 ||| FLEEEEING.
  2596 | D:4      | 2596 ||| FLEEEEING.
  2597 | D:4      | 2597 ||| FLEEEEING.
  2598 | D:4      | 2598 ||| FLEEEEING.
  2598 | D:4      | Killed an ogre
  2599 | D:4      | Reached skill level 6 in Dodging
  2599 | D:4      | Reached XP level 6. HP: 16/30 MP: 7/7
  2683 | D:4      | Found a staircase to the Ecumenical Temple.
  2684 | D:4      | 2684 ||| PLANNING TEMPLE
  2689 | Temple   | Entered the Ecumenical Temple
  2690 | Temple   | 2690 ||| PLANNING D:1-11
  2800 | D:4      | 2800 ||| FLEEEEING.
  2955 | D:4      | 2955 ||| DRINKING potion of haste.
  2955 | D:4      | Killed from afar by an orc priest

Levels and vault maps discovered:
D:1:      dpeg_arrival_shelter, layout_basic, minmay_misc_feat_doors,
          reono_crystal_passage
D:2:      layout_loops_cross, basic_altar, shapermc_ecumenical_altar_notcrosses
D:3:      gammafunk_wand_slinger, layout_basic,
          mainiacjoe_overflow_cross_hatched, lemuel_coloured_pillars_altar,
          minmay_hedge_maze
D:4:      black_bear_nest_1, layout_loops_ring, minmay_temple_entry_nine_rooms,
          kennysheep_boxes
Temple:   nicolae_temple_bog_church

Skill      XL: |  1  2  3  4  5 |
---------------+----------------+-----
Dodging        | 3 4 5 6 |  6.0
Ranged Weapons | 5 6 |  6.5
Fighting       | 2 |  2.0
Stealth        | |  1.5

Action                     |  1- 3 |  4- 6 || total
---------------------------+-------+-------++-------
   Fire: Shortbow          |   103 |   151 ||   254
    Use: Scroll            |     3 |     5 ||     8
         Potion            |     1 |     3 ||     4
 Armour: Robe              |     9 |    18 ||    27
  Dodge: Dodged            |    35 |    49 ||    84

Table legend:
 A = Non-vault XP
 B = Vault XP
 C = Vault XP percentage of total XP
 D = Non-vault monster count
 E = Vault monster count
 F = Vault count percentage of total count
                 A         B        C        D         E       F
            +---------+---------+-------+---------+---------+-------
      Total |     568 |       0 |   0.0 |      94 |       0 |   0.0
            +---------+---------+-------+---------+---------+-------
        D:1 |      56 |       0 |   0.0 |      31 |       0 |   0.0
        D:2 |      85 |       0 |   0.0 |      26 |       0 |   0.0
        D:3 |      94 |       0 |   0.0 |      19 |       0 |   0.0
        D:4 |     333 |       0 |   0.0 |      18 |       0 |   0.0
            +---------+---------+-------+---------+---------+-------
